 Dungeon Crawl Stone Soup version 0.25-a0-404-gc1b5a34292 (webtiles) character file.

Game seed: 8232229670026989001, levelgen mode: deterministic

3770 Chiseanne the Fighter (level 10, -12/110 HPs)
             Began as an Ogre Wanderer on Jan 11, 2020.
             Was a Follower of Nemelex Xobeh.
             Mangled by Erica
             ... wielding a +4 scimitar of flaming
              (14 damage)
             ... on level 8 of the Dungeon.
             The game lasted 00:29:47 (11530 turns).

Chiseanne the Fighter (Ogre Wanderer)              Turns: 11530, Time: 00:29:47

Health: -12/110    AC:  6    Str: 21    XL:     10   Next: 16%
Magic:  15/15      EV: 16    Int: 13    God:    Nemelex Xobeh [*.....]
Gold:   394        SH:  0    Dex:  8    Spells: 13/15 levels left

rFire    + . .     SeeInvis .   y - +4 scimitar
rCold    . . .     Gourm    +   (no shield)
rNeg     . . .     Faith    .   e - +1 robe
rPois    .         Spirit   .   (helmet restricted)
rElec    .         Reflect  .   b - +1 cloak
rCorr    .         Harm     .   (gloves unavailable)
MR       +....                  (boots unavailable)
Stlth    +.........             c - amulet of the gourmand
HPRegen  0.28/turn              l - +4 ring of evasion
MPRegen  0.14/turn              g - ring of protection from fire

@: lethally poisoned (-12 -> -20), berserk cooldown, very slightly contaminated,
slowed, drained, invisible, very slow
A: large, unfitting armour, tough skin 1
a: Draw Escape, Draw Destruction, Draw Summoning, Renounce Religion


You were on level 8 of the Dungeon.
You worshipped Nemelex Xobeh.
Nemelex Xobeh was aware of your devotion.
You were completely stuffed.

You visited 2 branches of the dungeon, and saw 9 of its levels.

You collected 394 gold pieces.

Inventory:

Hand Weapons
 a - a +1 hand axe of freezing
 s - a +2 whip of flaming
 v - a +1 giant spiked club
 y - a +4 scimitar (weapon)
 A - a +1 flail of distortion
 H - a +0 morningstar
 I - a +2 falchion of holy wrath
Missiles
 i - 213 arrows
 j - 282 stones
 o - 52 sling bullets
 q - 32 bolts
 w - 4 boomerangs (quivered)
 B - 5 javelins
 F - 6 poisoned darts
 G - 2 atropa-tipped darts
Armour
 b - a +1 cloak (worn)
 e - a +1 robe (worn)
Magical Staves
 J - an uncursed staff of fire
Jewellery
 c - an amulet of the gourmand (around neck)
 g - a ring of protection from fire (right hand)
 l - a +4 ring of evasion (left hand)
 n - an uncursed ring of flight
 E - the ring "Zibb" {rElec rF- Int+6 Dex+3 SInv}
   (You took it off a wight on level 6 of the Dungeon)

   [ring of see invisible]

   It affects your intelligence (+6).
   It affects your dexterity (+3).
   It makes you vulnerable to fire.
   It insulates you from electricity.
   It lets you see invisible.
 K - an uncursed amulet of harm
 M - a +5 ring of intelligence {unknown}
Wands
 d - a wand of disintegration (2)
 k - a wand of polymorph (9)
Scrolls
 f - 3 scrolls of fear
 m - 2 scrolls of teleportation
 p - a scroll of enchant armour
 t - 2 scrolls of remove curse
 x - a scroll of amnesia
 D - a scroll of identify
Potions
 r - a potion of flight
 z - 2 potions of brilliance
 C - a potion of invisibility
 L - a potion of haste
Comestibles
 h - 5 rations
 N - 2 chunks of flesh


   Skills:
 + Level 9.8(9.0) Fighting
 + Level 9.1(8.3) Throwing
 * Level 7.6(6.9) Dodging
 - Level 2.1(1.5) Stealth
 - Level 1.0(0.4) Unarmed Combat
 + Level 3.4(2.7) Spellcasting


You had 13 spell levels left.
You knew the following spells:

 Your Spells              Type           Power        Failure   Level  Hunger
a - Blink                 Tloc           N/A          34%         2    ###....

Your spell library contained the following spells:

 Spells                   Type           Power        Failure   Level  Hunger
 Magic Dart               Conj           #...         24%         1    #......
 Call Imp                 Summ           #.......     34%         2    ###....
 Slow                     Hex            #.......     34%         2    ###....
 Conjure Flame            Conj/Fire      #.......     56%         3    ###....
 Mephitic Cloud           Conj/Pois/Air  #.......     56%         3    ###....


Dungeon Overview and Level Annotations

Branches:
Dungeon (8/15)             Temple (1/1) D:5
   Lair: D:8-11

Altars:
Ashenzari
Cheibriados
Dithmenos
Elyvilon
Fedhas
Gozag
Hepliaklqana
Kikubaaqudgha
Makhleb
Nemelex Xobeh
Okawaru
Qazlal
Ru
Sif Muna
Trog
Uskayaw
Vehumet
Wu Jian
Xom
Yredelemnul
Zin
The Shining One

Annotations:
D:8 Erica


Innate Abilities, Weirdness & Mutations

You are too large for most types of armour.
You have tough skin. (AC +1)


Message History

* * * LOW HITPOINT WARNING * * *
You feel very sick. Erica completely misses you.
You riposte.
You slash Erica!
Erica is lightly wounded.
There is a stone staircase leading up, spattered with blood here.
You fade into invisibility!
* * * LOW HITPOINT WARNING * * *
You feel sick. Erica gestures at you while chanting.
You resist with some effort.
Erica says, "I love to fight, but killing is better."
Erica barely misses you.
You are very lightly contaminated with residual magic.
You hit Erica.
Erica is moderately wounded.
* * * LOW HITPOINT WARNING * * *
You feel very sick.
Erica hits you with a +4 scimitar of flaming!
You die...
Your body disappears without a glow.

.. #.........#
..##.........###
...#..........>.
............###
.#.......<..... ..
##............
#....##.........#..
#...............# .
.....###.@@.#####
#......###...##
#....#..####..####
#..#..#.#...[....#
######.##...#......#........
...................###......
..####.............# ......
# #.####.............#
....... .#
#..................##.......


You could see Erica.

Vanquished Creatures
  Pikel (D:4)
  2 hornets (D:7)
  A golden eye (D:8)
  Edmund (D:5)
  Menkaure (D:4)
  An orc warrior (D:7)
  A slave (D:4)
  A phantom (D:4)
  4 ogres
  3 centaurs
  3 bullfrogs
  A gnoll sergeant (D:7)
  2 howler monkeys (D:7)
  10 wights
  5 crimson imps
  A bullfrog zombie (D:3)
  A centaur skeleton (D:4)
  An orc priest (D:7)
  2 bullfrog skeletons
  6 worker ants
  3 orc wizards
  9 adders
  10 gnolls
  A howler monkey skeleton (D:6)
  3 oozes
  3 worms
  3 dart slugs
  10 leopard geckos
  27 orcs
  3 ball pythons
  8 giant cockroaches
  5 goblins
  5 hobgoblins
  6 jackals (D:3)
  3 quokkas
  7 bats
  7 frilled lizards
  8 kobolds
  A leopard gecko zombie (D:8)
  A quokka zombie (D:6)
  8 rats
  11 plants (D:7)
190 creatures vanquished.

Vanquished Creatures (collateral kills)
  Eustachio (D:5)
  Duvessa (D:5)
  Dowan (D:5)
  2 orc wizards (D:5)
5 creatures vanquished.

Vanquished Creatures (others)
  A hound (D:4)
  2 plants (D:7)
3 creatures vanquished.

Grand Total: 198 creatures vanquished

Notes
Turn   | Place    | Note
-------+----------+-------------------------------------------
     0 | D:1      | Chiseanne the Ogre Wanderer began the quest for the Orb.
     0 | D:1      | Chiseanne set off with the following items: a +0 club, a
                  | potion of haste, a potion of curing, a potion of
                  | lignification, a +0 robe, a scroll of fear, a +0 dagger, a
                  | ration
     0 | D:1      | Reached XP level 1. HP: 22/22 MP: 1/1
   233 | D:1      | Reached XP level 2. HP: 27/32 MP: 2/2
   852 | D:1      | Reached XP level 3. HP: 37/40 MP: 3/3
  1131 | D:2      | HP: 2/41 [adder (5)]
  1143 | D:2      | Reached skill level 5 in Fighting
  1703 | D:2      | Found a burning altar of Makhleb.
  1998 | D:2      | Reached XP level 4. HP: 26/50 MP: 4/4
  2876 | D:2      | Reached XP level 5. HP: 9/61 MP: 5/5
  3188 | D:3      | Found a radiant altar of Vehumet.
  3195 | D:3      | Found an ornate altar of the Wu Jian Council.
  3199 | D:3      | Found an ancient bone altar of Kikubaaqudgha.
  4273 | D:3      | Found a shattered altar of Ashenzari.
  4546 | D:3      | Reached XP level 6. HP: 67/72 MP: 6/6
  5206 | D:4      | Noticed a phantom
  5254 | D:4      | Killed a phantom
  5354 | D:4      | Reached XP level 7. HP: 81/81 MP: 7/7
  5666 | D:4      | Found a stormy altar of Qazlal.
  5697 | D:4      | Noticed Pikel
  5708 | D:4      | Killed Pikel
  5708 | D:4      | Reached XP level 8. HP: 91/91 MP: 8/8
  5840 | D:4      | Noticed Menkaure
  5843 | D:4      | Killed Menkaure
  6283 | D:5      | Entered Level 5 of the Dungeon
  6397 | D:5      | Found a staircase to the Ecumenical Temple.
  6407 | Temple   | Entered the Ecumenical Temple
  6639 | Temple   | Became a worshipper of Nemelex Xobeh the Trickster
  6667 | D:5      | Received a gift from Nemelex Xobeh
  6668 | D:5      | Noticed Edmund
  6691 | D:5      | Killed Edmund
  6697 | D:5      | Noticed Eustachio
  6720 | D:5      | Killed Eustachio
  6824 | D:5      | Noticed Dowan
  6827 | D:5      | Noticed Duvessa
  6834 | D:5      | Noticed a wyvern
  6852 | D:5      | Killed Duvessa
  6858 | D:5      | Killed Dowan
  7134 | D:5      | Found a basalt altar of Yredelemnul.
  7875 | D:6      | Reached XP level 9. HP: 96/97 MP: 9/9
  7945 | D:6      | Reached skill level 5 in Dodging
  8234 | D:6      | Reached * piety under Nemelex Xobeh
  9045 | D:7      | Identified the ring "Zibb" {rElec rF- Int+6 Dex+3 SInv}
  9687 | D:7      | Noticed a hornet
  9693 | D:7      | Killed a hornet
  9693 | D:7      | Reached skill level 1 in Spellcasting
  9810 | D:7      | Noticed a hornet
  9827 | D:7      | Killed a hornet
  9845 | D:7      | Learned a level 2 spell: Blink
 10030 | D:7      | Found a glowing golden altar of the Shining One.
 10033 | D:7      | Found a hide-covered altar of Uskayaw.
 10033 | D:7      | Found a sacrificial altar of Ru.
 10057 | D:7      | Found a snail-covered altar of Cheibriados.
 10934 | D:8      | Noticed Maurice
 10944 | D:8      | Noticed Maurice
 10944 | D:8      | Maurice changed into Maurice the golden eye
 10989 | D:8      | Killed Maurice the golden eye
 10989 | D:8      | Reached XP level 10. HP: 107/107 MP: 14/14
 11075 | D:8      | Noticed Erica
 11529 | D:8      | HP: 5/110 [poisoned by Erica (bolt of poison)]
 11530 | D:8      | HP: 2/110 [poisoned by Erica (bolt of poison)]
 11530 | D:8      | Mangled by Erica

Levels and vault maps discovered:
D:1:      co_arrival_random_square_maze, layout_loops_corners
D:2:      layout_basic, lemuel_coloured_pillars_altar
D:3:      layout_rooms, old_standard_altar, minmay_overflow_temple_star_quad
D:4:      layout_basic, grunt_qazlal_clouds, uniq_pikel, uniq_menkaure
D:5:      layout_gridville, lemuel_crystal_altar,
          minmay_temple_entry_drinking_statues, first_ration, uniq_duvessa,
          uniq_eustachio, uniq_edmund
D:6:      layout_loops_ring
D:7:      layout_cave_pods, grunt_temple_overflow_open, wad_woods_river_04
D:8:      layout_rooms, uniq_maurice, uniq_erica
Temple:   minmay_temple_curvy_loop

Skill      XL: |  1  2  3  4  5  6  7  8  9 |
---------------+----------------------------+-----
Fighting       | 3 4 5 6 8 9 |  9.8
Throwing       | 3 6 7 9 |  9.1
Dodging        | 4 7 |  7.6
Spellcasting   | 3 |  3.4
Stealth        | |  2.1
Unarmed Combat | |  1.0

Action                   |  1- 3 |  4- 6 |  7- 9 | 10-12 || total
-------------------------+-------+-------+-------+-------++-------
Melee: Club              |   124 |       |       |       ||   124
       Mace              |    26 |   104 |       |       ||   130
       Hand axe          |       |   162 |   272 |     5 ||   439
       Giant spiked club |       |       |    52 |       ||    52
       Falchion          |       |       |    26 |    36 ||    62
       Punch             |       |       |     1 |     1 ||     2
       Scimitar          |       |       |       |     5 ||     5
Throw: Stone             |       |    21 |     1 |       ||    22
       Dart              |       |       |    32 |       ||    32
       Boomerang         |       |       |    72 |     5 ||    77
 Abil: Draw Summoning    |       |       |     2 |       ||     2
Evoke: Wand              |       |     4 |    19 |     4 ||    27
  Use: Potion            |     4 |     1 |     2 |     2 ||     9
       Scroll            |       |     9 |    12 |       ||    21
 Stab: Sleeping          |     1 |     1 |     2 |       ||     4
  Eat: Chunk             |     4 |    16 |    17 |     3 ||    40
       Ration            |       |     1 |       |       ||     1
Armor: Robe              |    40 |    85 |    64 |     8 ||   197
       Skin              |     5 |       |       |       ||     5
Dodge: Dodged            |    93 |   186 |   322 |    58 ||   659
       Rpst.: Falchion   |       |       |     4 |    16 ||    20
       Scimitar          |       |       |       |     1 ||     1

Table legend:
 A = Non-vault XP
 B = Vault XP
 C = Vault XP percentage of total XP
 D = Non-vault monster count
 E = Vault monster count
 F = Vault count percentage of total count
                 A         B        C        D         E       F
            +---------+---------+-------+---------+---------+-------
      Total |    4003 |    1384 |  25.7 |     175 |       7 |   3.8
            +---------+---------+-------+---------+---------+-------
        D:1 |      36 |       0 |   0.0 |      20 |       0 |   0.0
        D:2 |     132 |       0 |   0.0 |      25 |       0 |   0.0
        D:3 |     160 |       0 |   0.0 |      27 |       0 |   0.0
        D:4 |     553 |     801 |  59.2 |      23 |       2 |   8.0
        D:5 |      64 |     393 |  86.0 |       6 |       4 |  40.0
        D:6 |     953 |       0 |   0.0 |      27 |       0 |   0.0
        D:7 |    1910 |       0 |   0.0 |      42 |       0 |   0.0
        D:8 |     195 |     190 |  49.4 |       5 |       1 |  16.7
            +---------+---------+-------+---------+---------+-------
